 Dungeon Crawl Stone Soup version 0.26.0-16-gc1dbca0489 (webtiles) character file.

Game seed: 2163408649431711388

325100 jackrogers the Slayer (level 21, -5/148 HPs)
             Began as a Gargoyle Wanderer on Jan 17, 2021.
             Was the Champion of Okawaru.
             Killed from afar by Jory (76 damage)
             ... with a crystal spear
             ... on level 2 of the Vaults on Jan 22, 2021.
             The game lasted 02:02:59 (47015 turns).

jackrogers the Slayer (Gargoyle Wanderer)          Turns: 47015, Time: 02:03:00

Health: -5/148     AC: 54    Str: 28    XL:     21   Next: 61%
Magic:  34/34      EV:  5    Int: 16    God:    Okawaru [******]
Gold:   313        SH: 12    Dex: 10    Spells: 29/39 levels left

rFire    + + .     SeeInvis .   J - +10 lance "Wyrmbane" {slay drac, rPois rF+ rC+ AC+3}
rCold    + + .     Faith    .   u - +2 kite shield
rNeg     + . .     Spirit   .   f - +7 gold dragon scales
rPois    ∞         Reflect  .   q - +1 helmet {Int+3}
rElec    +         Harm     .   (no cloak)
rCorr    .         Rampage  .   H - +2 pair of gloves {Str+3}
Will     +....                  I - +2 pair of boots {run}
Stlth    ..........             G - amulet of regeneration {+regen, !d}
HPRegen  0.74/turn              o - +4 ring of slaying
MPRegen  0.24/turn              t - +4 ring of slaying

@: mesmerised, studying Earth Magic, quick
A: big wings, deformed body, negative energy resistance 1, electricity
resistance, unbreathing, petrification resistance, miasma immunity, AC +16
}: 2/15 runes: decaying, gossamer
a: Fly, Renounce Religion, Heroism, Finesse


You were on level 2 of the Vaults.
You worshipped Okawaru.
Okawaru was exalted by your worship.
You visited 8 branches of the dungeon, and saw 37 of its levels.
You visited the Abyss 2 times.
You visited 1 bazaar.
You also visited: Ossuary and Ice Cave.

You collected 4329 gold pieces.
You spent 4016 gold pieces at shops.

Inventory:

Hand Weapons
 d - the +6 Majin-Bo {vamp, MP+6 Int+6}
   (You acquired it on level 6 of the Lair of Beasts)

   It inflicts no extra harm, but heals its wielder when it wounds a living foe.
   It affects your intelligence (+6).
   It affects your magic capacity (+6).
 J - the +10 lance "Wyrmbane" (weapon) {slay drac, rPois rF+ rC+ AC+3}
   (You bought it in a shop in a bazaar)

   It affects your AC (+3).
   It protects you from fire.
   It protects you from cold.
   It protects you from poison.
 U - a +6 lajatang of speed
   (You took it off Agnes on level 1 of the Elven Halls)
Missiles
 a - 24 boomerangs
 h - 7 silver boomerangs
Armour
 f - +7 gold dragon scales (worn)
   (You bought it in a shop in a bazaar)
 i - a +0 tower shield of reflection
   (You found it in an ice cave)
 n - a scarf of shadows
   (Okawaru gifted it to you on level 4 of the Swamp)
 q - a +1 helmet of intelligence (worn)
   (You found it on level 3 of the Elven Halls)
 u - a +2 kite shield (worn)
   (You bought it in a shop in a bazaar)
 H - a +2 pair of gloves of strength (worn)
   (Okawaru gifted it to you on level 2 of the Elven Halls)
 I - a +2 pair of boots of running (worn)
   (Okawaru gifted it to you on level 3 of the Spider Nest)
 R - the +17 plate armour of the Lobster {rF- rN+ Str+6 Dex-3}
   (You found it on level 6 of the Lair of Beasts)

   It affects your strength (+6).
   It affects your dexterity (-3).
   It makes you vulnerable to fire.
   It protects you from negative energy.
Jewellery
 o - a +4 ring of slaying (left hand)
   (You found it on level 4 of the Dungeon)
 t - a +4 ring of slaying (right hand)
   (You found it on level 4 of the Swamp)
 v - an uncursed ring of protection from cold {rC+, !d}
   (You bought it in a shop in a bazaar)
 A - an uncursed ring of protection from fire {rF+, !d}
   (You found it on level 2 of the Swamp)
 B - a +4 ring of evasion
   (You found it on level 6 of the Dungeon)
 D - an uncursed ring of positive energy {rN+}
   (You found it on level 6 of the Dungeon)
 E - an uncursed ring of resist corrosion
   (You bought it in a shop in a bazaar)
 G - an amulet of regeneration (around neck) {+regen, !d}
   (You took it off Harold on level 7 of the Dungeon)
 S - an uncursed ring of positive energy {rN+}
   (You found it on level 3 of the Elven Halls)
 T - an uncursed amulet of guardian spirit {Spirit}
   (You found it on level 3 of the Elven Halls)
 W - an uncursed ring of see invisible {sInv, !d}
   (You found it on level 2 of the Lair of Beasts)
 Z - the ring "Botiplekuz" {rC+ AC+4}
   (You took it off a deep elf mage on level 3 of the Elven Halls)

   [ring of protection]

   It affects your AC (+4).
   It protects you from cold.
Wands
 b - a wand of enslavement (25)
   (You found it on level 4 of the Lair of Beasts)
 p - a wand of iceblast (31)
   (You found it on level 14 of the Dungeon)
 r - a wand of polymorph (7)
   (You found it on level 5 of the Dungeon)
 y - a wand of paralysis (34)
   (You found it on level 5 of the Dungeon)
 O - a wand of disintegration (35)
   (You found it on level 2 of the Spider Nest)
Scrolls
 g - 3 scrolls of identify
 j - 8 scrolls of teleportation
 l - 19 scrolls of remove curse
 s - 3 scrolls of silence
 C - 4 scrolls of fear
 P - 8 scrolls of blinking {!r}
 Q - a scroll of fog
 V - 3 scrolls of magic mapping {!r}
Potions
 c - 23 potions of curing
 e - 2 potions of berserk rage {!q}
 k - 8 potions of attraction {!q}
 m - 5 potions of lignification {!q}
 w - 7 potions of mutation {!q}
 x - 8 potions of haste
 z - a potion of might
 F - 2 potions of resistance
 K - a potion of magic
 L - 6 potions of heal wounds
 N - 6 potions of invisibility
 X - 11 potions of ambrosia
 Y - 5 potions of cancellation
Books
 M - a manual of Earth Magic {!d}
   (You found it on level 3 of the Elven Halls)


   Skills:
 - Level 21.3 Fighting
 * Level 5.8(10.6) Polearms
 - Level 14.4(14.9) Staves
 - Level 2.0 Crossbows
 - Level 21.3 Armour
 - Level 2.1 Stealth
 + Level 4.8 Shields
 - Level 9.6 Spellcasting
 - Level 13.6 Summonings
 - Level 4.5 Invocations
 - Level 1.0 Evocations


You had 29 spell levels left.
You knew the following spells:

 Your Spells              Type           Power        Failure   Level
a - Shadow Creatures      Summ           N/A          90%         6
b - Blink                 Tloc           N/A          99%         2
c - Call Imp              Summ           51%          1%          2

Your spell library contained the following spells:

 Spells                   Type           Power        Failure   Level
 Summon Small Mammal      Summ           100%         1%          1
 Call Canine Familiar     Summ           51%          4%          3
 Summon Demon             Summ           25%          36%         5
 Summon Guardian Golem    Hex/Summ       29%          54%         3
 Summon Ice Beast         Ice/Summ       29%          91%         4
 Summon Lightning Spire   Summ/Air       29%          91%         4
 Animate Skeleton         Necr           14%          98%         1
 Apportation              Tloc           14%          98%         1
 Beastly Appendage        Tmut           14%          98%         1
 Corona                   Hex            7%           98%         1
 Foxfire                  Conj/Fire      28%          98%         1
 Magic Dart               Conj           28%          98%         1
 Shock                    Conj/Air       28%          98%         1
 Ensorcelled Hibernation  Hex/Ice        14%          99%         2
 Passwall                 Tmut/Erth      5%           99%         2
 Slow                     Hex            7%           99%         2
 Swiftness                Air            7%           99%         2
 Wereblood                Tmut           7%           99%         2
 Summon Forest            Summ/Tloc      14%          99%         5
 Summon Mana Viper        Hex/Summ       29%          99%         5
 Confusing Touch          Hex            7%           100%        3
 Conjure Flame            Conj/Fire      7%           100%        3
 Dazzling Flash           Conj/Hex       14%          100%        3
 Gell's Gravitas          Tloc           3%           100%        3
 Ignite Poison            Fire/Tmut/Pois 7%           100%        3
 Inner Flame              Hex/Fire       7%           100%        3
 Lesser Beckoning         Tloc           3%           100%        3
 Mephitic Cloud           Conj/Pois/Air  7%           100%        3
 Spider Form              Tmut/Pois      3%           100%        3
 Static Discharge         Conj/Air       7%           100%        3
 Teleport Other           Tloc           7%           100%        3
 Tukima's Dance           Hex            7%           100%        3
 Airstrike                Air            3%           100%        4
 Hailstorm                Conj/Ice       7%           100%        4
 Ice Form                 Ice/Tmut       7%           100%        4
 Passage of Golubria      Tloc           N/A          100%        4
 Sticky Flame             Conj/Fire      7%           100%        4
 Blade Hands              Tmut           3%           100%        5
 Fireball                 Conj/Fire      3%           100%        5
 Irradiate                Conj/Tmut      3%           100%        5
 Lee's Rapid Deconstruct  Erth           3%           100%        5
 Lightning Bolt           Conj/Air       3%           100%        5
 Metabolic Englaciation   Hex/Ice        3%           100%        5
 Freezing Cloud           Conj/Ice/Air   3%           100%        6
 Hydra Form               Tmut           3%           100%        6
 Invisibility             Hex            7%           100%        6
 Iron Shot                Conj/Erth      3%           100%        6
 Ozocubu's Refrigeration  Ice            3%           100%        6
 Simulacrum               Ice/Necr       3%           100%        6
 Starburst                Conj/Fire      3%           100%        6
 Dragon Form              Tmut           3%           100%        7
 Summon Hydra             Summ           25%          100%        7
 Ignition                 Fire           3%           100%        8
 Shatter                  Erth           3%           100%        9
 Tornado                  Air            3%           100%        9
 Statue Form              Tmut/Erth      Unusable     N/A         6

Dungeon Overview and Level Annotations

Branches:
Dungeon (15/15)            Temple (1/1) D:6            Lair (6/6) D:9
  Swamp (4/4) Lair:2       Spider (4/4) Lair:4        Slime (0/5) Lair:5
    Orc (2/2) D:11            Elf (3/3) Orc:2        Vaults (2/5) D:13
 Depths (0/5) D:15        Ossuary (visited)           IceCv (visited)
  Crypt: Vaults:2-3

Altars:
Ashenzari
Cheibriados
Dithmenos
Elyvilon
Fedhas
Gozag
Hepliaklqana
Kikubaaqudgha
Makhleb
Nemelex Xobeh
Okawaru
Qazlal
Ru
Sif Muna
Trog
Uskayaw
Vehumet
Wu Jian
Xom
Yredelemnul
Zin
The Shining One

Shops:
D:6 *   Orc:2 [:[!(   Vaults:1 }==

Portals:
Trove: Vaults:1 (give 17 scrolls of teleportation)

Annotations:
D:4 1 runed translucent door
D:5 2 transporters, SkeletonJelly's ghost, novice OgBe
D:10 1 runed translucent door, Cheops's ghost, novice DgEE
Swamp:3 3 runed translucent doors, crusatyr's ghost, adept GrFi
Elf:2 1 runed translucent door
Vaults:2 Jory


Innate Abilities, Weirdness & Mutations

You are resistant to torment.
Your stone body is resilient. (AC +16)
You are immune to poison.
Your large and strong wings let you fly indefinitely.
You resist negative energy. (rN+)
You are resistant to electric shocks. (rElec)
You can survive without breathing.
You are immune to petrification.
You are immune to miasma.
Armour fits poorly on your strangely shaped body.


Message History

a +0 dagger; a +0 robe
Things that are here:
a +0 giant club; an ogre corpse
There is an open door, spattered with blood here.
Things that are here:
a +3 halberd of distortion {!w}; a +0 plate armour You open the door.
There is an open door here.
You open the door.
There is an open door here.
You open the door.
There is an open door here.
The ogre shouts! x2
The ogre mage shouts!
You hear two shouts! x2; You hear a shout!
The two-headed ogre shouts in stereo!
The ogre shouts!
k - 8 potions of attraction {!q} (gained 1)
You open the door. 5 orcs come into view.
You stumble into a teleport trap!
You are suddenly yanked towards some nearby monsters!
Your surroundings suddenly seem different.
Jory the Bloodstained Count comes into view.
He is wielding a +3 vorpal battleaxe.
Jory shouts!
A yaktaur comes into view.
The yaktaur shouts!
The yaktaur wields a cursed -3 arbalest.
The yaktaur shoots a bolt.
You block the bolt.
A vault sentinel comes into view. It is wielding a +0 long sword.
Jory hits you with a +3 vorpal battleaxe.
Jory bites you but does no damage.
The orc knight moves out of view.
The orc priest moves out of view.
The orc warrior moves out of view.
The orc sorcerer moves out of view.
The orc moves out of view.
The vault sentinel shouts!
Warning x3: The yaktaur can hit for high damage at range!
The vault sentinel can mark you and blow a signal horn!
Jory can mesmerise, cast LCS and blink close!
You closely miss Jory.
The vault sentinel unwields a +0 long sword.
The vault sentinel wields a +0 arbalest.
The vault sentinel shoots a bolt.
You block the bolt.
Warning x3: The yaktaur can hit for high damage at range!
The vault sentinel can mark you and blow a signal horn!
Jory can mesmerise, cast LCS and blink close!
You impale Jory!! You block Jory's attack. Jory bites you but does no damage.
The yaktaur shoots a bolt.
The bolt hits you!
Warning x3: The yaktaur can hit for high damage at range!
The vault sentinel can mark you and blow a signal horn!
Jory can mesmerise, cast LCS and blink close!
You hit Jory but do no damage.
Warning x3: The yaktaur can hit for high damage at range!
The vault sentinel can mark you and blow a signal horn!
Jory can mesmerise, cast LCS and blink close!
You puncture Jory!
The vault sentinel blows a loud note on a signal horn!
Jory hits you but does no damage. Jory bites you but does no damage.
You hear a shout!
You hear two shouts!
Warning x3: The yaktaur can hit for high damage at range!
Jory can mesmerise, cast LCS and blink close!
The vault sentinel (catching breath) can mark you and blow a signal horn!
You hit Jory.
You hear two shouts!
You hear a shout!
The yaktaur shoots a bolt.
You block the bolt.
Warning x3: The yaktaur can hit for high damage at range!
Jory can mesmerise, cast LCS and blink close!
The vault sentinel (catching breath) can mark you and blow a signal horn!
You hit Jory but do no damage.
Jory mumbles some strange words.
Jory attempts to bespell you!
You are mesmerised by Jory!
Warning x3: The yaktaur can hit for high damage at range!
Jory (mesmerising) can mesmerise, cast LCS and blink close!
The vault sentinel (catching breath) can mark you and blow a signal horn!
You puncture Jory!
The vault sentinel shoots a bolt.
The bolt hits you!
The yaktaur shoots a bolt.
You block the bolt.
Warning x3: The yaktaur can hit for high damage at range!
Jory (mesmerising) can mesmerise, cast LCS and blink close!
The vault sentinel (catching breath) can mark you and blow a signal horn!
You closely miss Jory. Jory casts a spell at you. The crystal spear hits you!!!
Warning x3: The yaktaur can hit for high damage at range!
Jory (mesmerising) can mesmerise, cast LCS and blink close!
The vault sentinel (catching breath) can mark you and blow a signal horn!
You miss Jory.
The vault sentinel shoots a bolt.
You block the bolt.
The yaktaur shoots a bolt.
You block the bolt. Jory hits you but does no damage.
Jory bites you but does no damage.
Warning x3: The yaktaur can hit for high damage at range!
Jory (mesmerising) can mesmerise, cast LCS and blink close!
The vault sentinel (catching breath) can mark you and blow a signal horn!
You hit Jory but do no damage.
Warning x3: The yaktaur can hit for high damage at range!
Jory (mesmerising) can mesmerise, cast LCS and blink close!
The vault sentinel (catching breath) can mark you and blow a signal horn!
You hit Jory.
Warning x3: The yaktaur can hit for high damage at range!
Jory (mesmerising) can mesmerise, cast LCS and blink close!
The vault sentinel (catching breath) can mark you and blow a signal horn!
You puncture Jory!
The yaktaur shoots a bolt.
The bolt hits you but does no damage. You block Jory's attack.
Jory bites you but does no damage.
The vault sentinel shoots a bolt.
The bolt hits you but does no damage.
Warning x3: The yaktaur can hit for high damage at range!
The vault sentinel can mark you and blow a signal horn!
Jory (mesmerising) can mesmerise, cast LCS and blink close!
You impale Jory!!
Warning x3: The yaktaur can hit for high damage at range!
The vault sentinel can mark you and blow a signal horn!
Jory (mesmerising) can mesmerise, cast LCS and blink close!
You hit Jory but do no damage.
Jory is infused with unholy energy.
Jory draws life force from you and is healed!
The yaktaur shoots a bolt.
You block the bolt.
The vault sentinel blows a loud note on a signal horn!
You hear two shouts!
Warning x3: The yaktaur can hit for high damage at range!
Jory (mesmerising) can mesmerise, cast LCS and blink close!
The vault sentinel (catching breath) can mark you and blow a signal horn!
You puncture Jory!
Warning x3: The yaktaur can hit for high damage at range!
Jory (mesmerising) can mesmerise, cast LCS and blink close!
The vault sentinel (catching breath) can mark you and blow a signal horn!
You puncture Jory! You block Jory's attack. x2
The vault sentinel shoots a bolt.
The bolt hits you but does no damage.
Warning x3: The yaktaur can hit for high damage at range!
Jory (mesmerising) can mesmerise, cast LCS and blink close!
The vault sentinel (catching breath) can mark you and blow a signal horn!
You puncture Jory!
Warning x3: The yaktaur can hit for high damage at range!
The vault sentinel can mark you and blow a signal horn!
Jory (mesmerising) can mesmerise, cast LCS and blink close!
You puncture Jory! Jory casts a spell at you. The crystal spear hits you!!!!
Ouch! That really hurt!
You die...

........'.
#.......#
........##
#..pc...#
...(....##
#.).....#
........+.
#.......+
........##
#.......#
##########
+.......#
#.
#.......#
##
#..@V...#
##
#.......#
#.
#########
## ## #.
## ## ...
## .o.. #.
....o ##


You could see Jory (mesmerising), a vault sentinel and a yaktaur.

Vanquished Creatures
  An ancient lich (Abyss:3)
  Mara (Swamp:4)
  Arachne (Spider:3)
  Nikola (Spider:3)
  A hellephant (Abyss:3)
  Rupert (D:14)
  Jorgrun (D:12)
  An Ice Fiend (IceCv)
  4 deep elf blademasters
  Asterion (Vaults:1)
  5 deep elf master archers (Elf:3)
  A tentacled starspawn (Abyss:2)
  Roxanne (Spider:3)
  Agnes (Elf:1)
  3 thorn hunters
  A draconian monk (Abyss:2)
  Donald (Swamp:4)
  9 deep elf sorcerers
  2 vault wardens (Vaults:1)
  A cacodemon (Abyss:2)
  4 ghost moths
  A frost giant (Vaults:1)
  8 emperor scorpions
  An ironheart preserver (Vaults:1)
  5 deep elf elementalists
  Nessos (Lair:5)
  A deep elf demonologist (Elf:3)
  4 entropy weavers
  6 deep elf annihilators
  4 bunyips
  3 spark wasps (Spider:4)
  7 eleionomae
  A deep elf death mage (Elf:3)
  A shambling mangrove (Swamp:4)
  A fire dragon (Vaults:1)
  Erolcha (Orc:2)
  3 yaktaur captains (Vaults:1)
  8 vault guards
  Harold (D:7)
  7 boulder beetles
  20 two-headed ogres
  28 hydras
  4 ogre magi
  A centaur warrior (D:14)
  10 alligators
  28 dancing weapons
  2 tengu warriors (D:13)
  2 thrashing horrors (Abyss:2)
  3 orc high priests (Orc:2)
  2 wretched stars
  11 deep elf knights
  A shadow wraith (Vaults:1)
  4 goliath frogs
  A sixfirhy (Abyss:2)
  3 skeletal warriors
  9 large abominations
  A glowing orange brain (shapeshifter) (Elf:3)
  12 deep elf archers
  3 unseen horrors
  4 spriggan druids
  A phantasmal warrior (D:15)
  A flayed ghost (Abyss:3)
  3 bog bodies
  14 swamp dragons
  A glowing orange brain (Abyss:3)
  A lindwurm (Lair:5)
  9 harpies
  A wizard (Vaults:1)
  A sphinx zombie (D:15)
  A necromancer (D:15)
  13 orc knights
  24 orb spiders
  6 ugly things
  50 deep elf magi
  4 ironbrand convokers (Vaults:1)
  6 orc sorcerers
  A tengu skeleton (D:15)
  16 wolf spiders
  3 moths of wrath
  3 cyclopes
  A stone giant zombie (D:15)
  5 will-o-the-wisps
  22 elephants
  6 ice statues
  An apocalypse crab (Abyss:3)
  5 vault sentinels (Vaults:1)
  7 black mambas
  Joseph (D:9)
  An orange demon (Abyss:2)
  Maggie (D:7)
  A smoke demon (Abyss:3)
  2 gargoyles
  A titan simulacrum (Abyss:2)
  17 cane toads
  A hellion (Abyss:3)
  3 torpor snails
  A centaur skeleton (D:13)
  2 kobold demonologists (D:14)
  6 yaktaurs
  2 rime drakes
  An anaconda simulacrum (IceCv)
  7 komodo dragons
  An efreet (D:13)
  8 demonic crawlers
  2 ancient zymes (Abyss:3)
  7 ice devils (IceCv)
  A tengu conjurer (D:13)
  A queen bee (Lair:2)
  3 meliai (D:13)
  34 jumping spiders
  A hornet (shapeshifter) (Vaults:1)
  6 polar bears
  4 trolls
  24 blink frogs
  14 hornets
  7 tyrant leeches
  An ettin zombie (D:15)
  12 dream sheep
  3 raiju
  9 slime creatures
  2 small abominations (Abyss:2)
  2 water elementals
  28 yaks
  21 spriggans
  A spriggan (shapeshifter) (Elf:2)
  23 tarantellas
  64 redbacks
  3 air elementals (Elf:3)
  4 wyverns
  3 wraiths
  Sigmund (D:2)
  5 ynoxinuls
  A dire elephant simulacrum (IceCv)
  2 fire elementals (Elf:3)
  2 basilisks
  6 vampire mosquitoes
  3 neqoxecs
  A yaktaur simulacrum (Vaults:1)
  19 swamp worms
  A harpy simulacrum (IceCv)
  9 wargs
  7 hydra simulacra (IceCv)
  2 acid dragons
  A soldier ant (D:13)
  15 water moccasins
  38 orc warriors
  5 black bears (Lair:6)
  3 sky beasts
  5 swamp drakes
  5 ice beasts
  2 eyes of draining
  24 wolves
  19 ogres
  5 boggarts (Lair:6)
  3 phantoms
  14 centaurs
  4 big kobolds (D:14)
  26 bullfrogs
  2 earth elementals (Elf:1)
  A wyvern skeleton (D:8)
  4 scorpions
  A scorpion (shapeshifter) (Vaults:1)
  A water moccasin skeleton (D:8)
  A human simulacrum (Vaults:1)
  32 killer bees
  16 wights
  3 howler monkeys
  An electric eel (Spider:2)
  6 centaur zombies
  3 bullfrog zombies
  3 hounds
  A human zombie (Ossuary)
  A bullfrog skeleton (D:12)
  21 orc priests
  6 jellies
  4 iguanas
  Jessica (D:2)
  Terence (D:3)
  Natasha (thrice) (D:2)
  38 orc wizards
  11 worker ants
  A troll simulacrum (Abyss:3)
  A big kobold zombie (Ossuary)
  2 hound skeletons
  2 mummies (Ossuary)
  3 worker ant zombies
  12 adders
  3 shadow imps
  A white imp (D:7)
  3 ufetubi
  5 oozes
  3 adder zombies
  A worm (D:8)
  2 dart slugs
  6 leopard geckos
  115 orcs
  3 giant cockroaches
  8 goblins
  4 hobgoblins
  16 jackals
  7 kobolds
  5 quokkas
  A ball python (D:5)
  2 bats
  A frilled lizard (D:3)
  A goblin zombie (Ossuary)
  9 hobgoblin zombies (Ossuary)
  A jackal zombie (Ossuary)
  8 kobold zombies (Ossuary)
  A leopard gecko skeleton (D:9)
  9 orc zombies (Ossuary)
  2 quokka skeletons (D:4)
  8 rats
  3 rat zombies (Ossuary)
1435 creatures vanquished.

Vanquished Creatures (others)
  Louise (Swamp:4)
  An ogre mage (Vaults:1)
  A hydra (Swamp:1)
  A two-headed ogre (Vaults:1)
  A deep elf knight (Elf:1)
  3 lindwurms (Swamp:4)
  An ironbrand convoker (Vaults:1)
  2 bloated husks
  A jumping spider (Spider:1)
  2 tyrant leeches
  A blink frog (Lair:5)
  A swamp drake (Swamp:4)
  4 ogres (Vaults:1)
  An orc wizard (Vaults:2)
  11 briar patches (Swamp:4)
  A bush (Lair:1)
  15 foxfires
  43 fungi
  120 plants
  2 starspawn tentacles (Abyss:2)
  A withered plant (D:15)
214 creatures vanquished.

Grand Total: 1649 creatures vanquished

Notes
Turn   | Place    | Note
-------+----------+-------------------------------------------
     0 | D:1      | jackrogers the Gargoyle Wanderer began the quest for the
                  | Orb.
     0 | D:1      | jackrogers set off with the following items: a +2
                  | quarterstaff, a +0 ring mail, a potion of curing, a +0
                  | dagger
     0 | D:1      | Reached XP level 1. HP: 12/12 MP: 1/1
   303 | D:1      | Reached XP level 2. HP: 15/16 MP: 2/2
   362 | D:1      | HP: 4/16 [dart slug/slug dart (6)]
   893 | D:2      | Reached skill level 4 in Staves
   893 | D:2      | Reached XP level 3. HP: 14/20 MP: 3/3
  1043 | D:2      | Noticed Jessica
  1048 | D:2      | Killed Jessica
  1092 | D:2      | Reached XP level 4. HP: 25/25 MP: 4/4
  1243 | D:2      | Reached skill level 5 in Staves
  1275 | D:2      | Noticed Natasha
  1277 | D:2      | Killed Natasha
  1295 | D:2      | Noticed Sigmund
  1307 | D:2      | Killed Sigmund
  1308 | D:2      | Reached skill level 6 in Staves
  1308 | D:2      | Reached XP level 5. HP: 11/29 MP: 5/5
  1308 | D:2      | Reached XP level 6. HP: 13/34 MP: 6/6
  1645 | D:2      | Noticed Natasha
  1653 | D:2      | Killed Natasha
  1754 | D:2      | Noticed Natasha
  1763 | D:2      | Killed Natasha
  1905 | D:3      | Reached skill level 7 in Staves
  2142 | D:3      | Noticed Terence
  2164 | D:3      | Killed Terence
  2837 | D:4      | Found a white marble altar of Elyvilon.
  2888 | D:4      | Found a runed translucent door.
  2888 | D:4      | Noticed an angel
  2941 | D:4      | Reached XP level 7. HP: 38/38 MP: 7/7
  2957 | D:4      | Reached skill level 8 in Staves
  2958 | D:4      | HP: 9/38 [iguana (6)]
  2959 | D:4      | HP: 2/38 [iguana (7)]
  3490 | D:4      | Reached skill level 9 in Staves
  3596 | D:5      | Entered Level 5 of the Dungeon
  3637 | D:5      | Noticed SkeletonJelly's ghost (novice OgBe)
  3646 | D:5      | Found a transporter.
  3650 | D:5      | Found a transporter.
  3664 | D:5      | Reached XP level 8. HP: 31/43 MP: 8/8
  4182 | D:6      | Found Onoiss's Assorted Antiques.
  4373 | D:6      | Found a stormy altar of Qazlal.
  4443 | D:6      | Reached skill level 10 in Staves
  5041 | D:6      | Found a staircase to the Ecumenical Temple.
  5050 | Temple   | Entered the Ecumenical Temple
  5157 | Temple   | Became a worshipper of Warmaster Okawaru
  5709 | D:7      | Reached skill level 11 in Staves
  5805 | D:7      | Reached * piety under Okawaru
  5814 | D:7      | Reached XP level 9. HP: 47/47 MP: 9/9
  5901 | D:7      | Found a hazy altar of Hepliaklqana.
  5934 | D:7      | Noticed Harold
  5962 | D:7      | HP: 8/47 [Harold/+0 long sword (9)]
  5967 | D:7      | Killed Harold
  5967 | D:7      | Reached ** piety under Okawaru
  5968 | D:7      | Reached skill level 12 in Staves
  6025 | D:7      | Noticed Maggie
  6383 | D:7      | Killed Maggie
  6384 | D:7      | Reached skill level 13 in Staves
  6689 | D:7      | Found a glowing silver altar of Zin.
  6690 | D:7      | Found a hide-covered altar of Uskayaw.
  7019 | D:8      | Reached XP level 10. HP: 36/52 MP: 10/10
  7074 | D:8      | Found a burning altar of Makhleb.
  7257 | D:8      | Found a sparkling altar of Nemelex Xobeh.
  7374 | D:8      | Found a sand-covered staircase.
  7379 | Ossuary  | Entered an ossuary
  7774 | D:8      | Reached skill level 14 in Staves
  7777 | D:8      | Reached *** piety under Okawaru
  8111 | D:8      | Reached skill level 2 in Fighting
  8111 | D:8      | Reached skill level 2 in Armour
  8142 | D:8      | Found a snail-covered altar of Cheibriados.
  8206 | D:8      | Found a broken altar of Ashenzari.
  8440 | D:9      | Found a staircase to the Lair.
  8492 | D:9      | Reached skill level 3 in Fighting
  8492 | D:9      | Reached skill level 3 in Armour
  8561 | D:9      | Reached **** piety under Okawaru
  8583 | D:9      | Reached skill level 4 in Fighting
  8583 | D:9      | Reached skill level 4 in Armour
  8771 | Lair:1   | Entered Level 1 of the Lair of Beasts
  8784 | Lair:1   | Reached skill level 5 in Armour
  8808 | Lair:1   | Reached skill level 5 in Fighting
  8816 | Lair:1   | Reached ***** piety under Okawaru
  8817 | Lair:1   | Reached XP level 11. HP: 25/64 MP: 11/11
  8865 | Lair:1   | Reached skill level 6 in Fighting
  8865 | Lair:1   | Reached skill level 6 in Armour
  9399 | Lair:1   | Reached skill level 7 in Fighting
  9399 | Lair:1   | Reached skill level 7 in Armour
  9453 | Lair:1   | Received a gift from Okawaru
  9564 | Lair:1   | Received a gift from Okawaru
  9567 | Lair:1   | HP: 15/68 [blink frog (4)]
  9922 | Lair:1   | Reached skill level 8 in Fighting
  9922 | Lair:1   | Reached skill level 8 in Armour
 10875 | Lair:2   | Reached skill level 9 in Fighting
 10875 | Lair:2   | Reached skill level 9 in Armour
 11094 | Lair:2   | Reached XP level 12. HP: 36/76 MP: 12/12
 11467 | Lair:2   | Noticed a six-headed hydra
 11481 | Lair:2   | Killed a six-headed hydra
 11709 | Lair:2   | Found a staircase to the Swamp.
 11711 | Lair:2   | Noticed a four-headed hydra
 11724 | Lair:2   | Killed a four-headed hydra
 11725 | Lair:2   | Reached skill level 10 in Fighting
 11725 | Lair:2   | Reached skill level 10 in Armour
 12354 | Lair:3   | Found a hide-covered altar of Uskayaw.
 12354 | Lair:3   | Noticed a boulder beetle
 12377 | Lair:3   | Killed a boulder beetle
 12444 | Lair:3   | Found an ornate altar of the Wu Jian Council.
 12554 | Lair:3   | Reached ****** piety under Okawaru
 12678 | Lair:3   | Reached skill level 11 in Fighting
 12678 | Lair:3   | Reached skill level 11 in Armour
 12852 | Lair:3   | Received a gift from Okawaru
 13296 | Lair:4   | Reached skill level 1 in Invocations
 13425 | Lair:4   | Reached skill level 2 in Invocations
 13486 | Lair:4   | Found a hole to the Spider Nest.
 13528 | Lair:4   | Reached skill level 3 in Invocations
 13672 | Lair:4   | Reached XP level 13. HP: 77/85 MP: 15/15
 13835 | Lair:4   | Got a pair of fine boots
 13884 | Lair:4   | Reached skill level 4 in Invocations
 13894 | Lair:4   | Reached skill level 12 in Fighting
 13894 | Lair:4   | Reached skill level 12 in Armour
 13897 | Lair:4   | Received a gift from Okawaru
 14147 | Lair:5   | Found a staircase to the Slime Pits.
 14699 | Lair:5   | Noticed Nessos
 14739 | Lair:6   | Entered Level 6 of the Lair of Beasts
 14769 | Lair:6   | Reached skill level 13 in Fighting
 14769 | Lair:6   | Reached skill level 13 in Armour
 14784 | Lair:6   | HP: 22/88 [elephant (2)]
 14788 | Lair:6   | HP: 9/88 [komodo dragon (14)]
 14790 | Lair:6   | HP: 4/88 [komodo dragon (6)]
 14792 | Lair:6   | Received a gift from Okawaru
 14797 | Lair:6   | Got a polished buckler {god gift}
 14808 | Lair:6   | Identified the +2 pair of boots "Puofyfap" {Harm} (You
                  | found it on level 4 of the Lair of Beasts)
 14897 | Lair:5   | Killed Nessos
 15441 | Lair:6   | Gained mutation: Your large and strong wings let you fly
                  | indefinitely. [Gargoyle growth]
 15441 | Lair:6   | Reached XP level 14. HP: 82/95 MP: 17/17
 15513 | Lair:6   | Reached skill level 14 in Fighting
 15517 | Lair:6   | Reached skill level 14 in Armour
 15910 | Lair:6   | Received a gift from Okawaru
 15913 | Lair:6   | Got a fine hat {god gift}
 15924 | Lair:6   | Identified the +0 hat of Hadjma {Str+3 Int+3} (Okawaru
                  | gifted it to you on level 6 of the Lair of Beasts)
 16252 | Lair:6   | Got a jewelled plate armour
 16256 | Lair:6   | Identified a scroll of acquirement
 16256 | Lair:6   | Acquired the +6 Majin-Bo {vamp, MP+6 Int+6}
 16257 | Lair:6   | Found the +6 Majin-Bo {vamp, MP+6 Int+6}
 16272 | Lair:6   | Identified the +17 plate armour of the Lobster {rF- rN+
                  | Str+6 Dex-3} (You found it on level 6 of the Lair of
                  | Beasts)
 16389 | Lair:6   | Found a snail-covered altar of Cheibriados.
 17047 | D:9      | Noticed Joseph
 17052 | D:9      | Killed Joseph
 17143 | D:9      | Reached skill level 15 in Fighting
 17251 | D:9      | Reached skill level 15 in Armour
 17279 | D:9      | Found a shadowy altar of Dithmenos.
 17416 | D:10     | Entered Level 10 of the Dungeon
 17636 | D:10     | Found a runed translucent door.
 17636 | D:10     | Found a shimmering altar of Xom.
 17636 | D:10     | Noticed Cheops's ghost (novice DgEE)
 18594 | D:11     | Found a staircase to the Orcish Mines.
 18623 | D:11     | Got a smoking fustibalus
 18624 | D:11     | Identified the +8 fustibalus of Ystuf {flame, Int+6} (You
                  | found it on level 11 of the Dungeon)
 19568 | Orc:1    | Entered Level 1 of the Orcish Mines
 19584 | Orc:1    | Received a gift from Okawaru
 19677 | Orc:1    | Reached XP level 15. HP: 104/104 MP: 18/18
 20045 | Orc:2    | Entered Level 2 of the Orcish Mines
 20416 | Orc:2    | Found a staircase to the Elven Halls.
 20419 | Orc:2    | Noticed Erolcha
 20432 | Orc:2    | Killed Erolcha
 20433 | Orc:2    | Reached skill level 16 in Fighting
 20450 | Orc:2    | Paralysed by an orc sorcerer for 4 turns
 20460 | Orc:2    | Reached skill level 16 in Armour
 20477 | Orc:2    | Found Qithaur's Antique Weapon Shop.
 20662 | Orc:2    | Found Enygges's Antique Armour Boutique.
 20662 | Orc:2    | Found Wulup Pih's Book Emporium.
 20837 | Orc:2    | Found Zompomn's Armour Boutique.
 20837 | Orc:2    | Found Geefiv's Distillery.
 21057 | Orc:2    | Bought a pair of glowing gloves for 225 gold pieces
 21397 | D:12     | Found a shadowy altar of Dithmenos.
 21553 | D:12     | Noticed Jorgrun
 21577 | D:12     | Killed Jorgrun
 22064 | D:13     | Received a gift from Okawaru
 22383 | D:13     | Received a gift from Okawaru
 22507 | D:13     | Reached skill level 17 in Fighting
 22523 | D:13     | Reached skill level 17 in Armour
 22564 | D:13     | Found a gate to the Vaults.
 23025 | D:14     | Noticed Rupert
 24297 | D:14     | Killed Rupert
 24297 | D:14     | Received a gift from Okawaru
 24298 | D:14     | Reached XP level 16. HP: 112/112 MP: 18/19
 24801 | D:15     | Entered Level 15 of the Dungeon
 24965 | D:15     | Found a staircase to the Depths.
 25265 | Spider:1 | Entered Level 1 of the Spider Nest
 25750 | Lair:4   | Upgraded the game from 0.26.0-15-gc6cd9f700b to
                  | 0.26.0-16-gc1dbca0489
 25753 | Lair:4   | Learned a level 2 spell: Call Imp
 25756 | Lair:4   | Learned a level 2 spell: Blink
 25834 | Lair:4   | Identified the +5 quarterstaff of War {drain, rPois Will++
                  | Dex+2} (Okawaru gifted it to you on level 4 of the Lair of
                  | Beasts)
 26061 | Spider:1 | Reached skill level 1 in Spellcasting
 26068 | Spider:1 | Reached skill level 1 in Summonings
 26297 | Spider:1 | Reached skill level 18 in Fighting
 26450 | Spider:1 | Reached skill level 18 in Armour
 26470 | Spider:2 | Reached skill level 2 in Spellcasting
 26470 | Spider:2 | Reached skill level 2 in Summonings
 26640 | Spider:2 | Received a gift from Okawaru
 26722 | Spider:2 | Reached skill level 3 in Summonings
 26756 | Spider:2 | Reached skill level 3 in Spellcasting
 26873 | Spider:2 | Received a gift from Okawaru
 27716 | Spider:3 | Identified Roxanne's Papyrus of the Mountains
 27716 | Spider:3 | Noticed Roxanne
 27761 | Spider:3 | Killed Roxanne
 27807 | Spider:3 | Noticed Nikola
 27821 | Spider:3 | Noticed Arachne
 27823 | Spider:3 | Killed Nikola
 27824 | Spider:3 | Reached skill level 4 in Spellcasting
 27824 | Spider:3 | Reached skill level 4 in Summonings
 27881 | Spider:3 | Killed Arachne
 27981 | Spider:3 | Reached XP level 17. HP: 111/120 MP: 23/23
 28186 | Spider:3 | Received a gift from Okawaru
 28189 | Spider:3 | Identified a +2 pair of boots of running (Okawaru gifted it
                  | to you on level 3 of the Spider Nest)
 28424 | Spider:2 | Reached skill level 5 in Summonings
 28439 | Spider:3 | Reached skill level 5 in Spellcasting
 29433 | Spider:4 | Entered Level 4 of the Spider Nest
 30700 | Spider:4 | Reached skill level 6 in Spellcasting
 30700 | Spider:4 | Reached skill level 6 in Summonings
 31268 | Spider:4 | Received a gift from Okawaru
 31334 | Spider:4 | Reached skill level 19 in Fighting
 31334 | Spider:4 | Reached skill level 19 in Armour
 31587 | Spider:4 | Got a gossamer rune of Zot
 31906 | Swamp:1  | Entered Level 1 of the Swamp
 32146 | Swamp:1  | Reached skill level 7 in Spellcasting
 32188 | Swamp:1  | Reached skill level 7 in Summonings
 32188 | Swamp:1  | Reached XP level 18. HP: 128/128 MP: 28/28
 32961 | Swamp:2  | Found the +4 Cigotuvi's embrace {rMiasma *Drain rN+}
 33064 | Swamp:2  | Received a gift from Okawaru
 33067 | Swamp:2  | Identified the +0 fustibalus "Vynaog" {flame, rPois Str+4
                  | Int+3} (Okawaru gifted it to you on level 2 of the Swamp)
 33570 | Swamp:3  | Reached skill level 8 in Spellcasting
 33590 | Swamp:3  | Reached skill level 8 in Summonings
 33614 | Swamp:3  | Received a gift from Okawaru
 33649 | Swamp:3  | Noticed Louise
 33681 | Swamp:3  | Found a runed translucent gate.
 33682 | Swamp:3  | Found a runed translucent gate.
 33683 | Swamp:3  | Found a runed translucent gate.
 33688 | Swamp:3  | Noticed crusatyr's ghost (adept GrFi)
 34232 | Swamp:4  | Entered Level 4 of the Swamp
 34295 | Swamp:4  | Killed Louise
 34319 | Swamp:4  | Noticed Donald
 34364 | Swamp:4  | Received a gift from Okawaru
 34380 | Swamp:4  | Killed Donald
 34431 | Swamp:4  | Got a decaying rune of Zot
 34452 | Swamp:4  | Noticed Mara
 34469 | Swamp:4  | Noticed jackrogers's illusion
 34545 | Swamp:4  | HP: 23/129 [Mara/bolt of fire (72)]
 34934 | Swamp:4  | Noticed jackrogers's illusion
 34934 | Swamp:4  | HP: 10/129 [alligator[a spriggan druid] (26)]
 35330 | Swamp:4  | Reached skill level 9 in Spellcasting
 35330 | Swamp:4  | Reached XP level 19. HP: 134/134 MP: 32/32
 35605 | Swamp:4  | Noticed jackrogers's illusion
 35619 | Swamp:4  | HP: 31/134 [Mara/+2 demon whip of electrocution (11)]
 35647 | Swamp:4  | Killed Mara
 35648 | Swamp:4  | Reached skill level 9 in Summonings
 36290 | Elf:1    | Entered Level 1 of the Elven Halls
 36292 | Elf:1    | Noticed Agnes
 36301 | Elf:1    | Killed Agnes
 36302 | Elf:1    | Reached skill level 20 in Fighting
 36306 | Elf:1    | Reached skill level 20 in Armour
 36598 | Elf:1    | Received a gift from Okawaru
 37420 | Elf:1    | Identified the Almanac of the Beginning
 37555 | Elf:1    | Learned a level 6 spell: Shadow Creatures
 38114 | Elf:2    | Found a radiant altar of Vehumet.
 38161 | Elf:2    | Reached skill level 10 in Summonings
 38270 | Elf:2    | Received a gift from Okawaru
 38552 | Elf:2    | Found a runed translucent door.
 38578 | Elf:2    | Found a runed translucent door.
 39308 | Elf:2    | Received a gift from Okawaru
 39399 | Elf:3    | Entered Level 3 of the Elven Halls
 39408 | Elf:3    | Reached skill level 11 in Summonings
 39488 | Elf:3    | Reached XP level 20. HP: 116/142 MP: 33/33
 39537 | Elf:3    | Found a frozen archway.
 39629 | IceCv    | Entered an ice cave
 40606 | Elf:3    | Cast into level 3 of the Abyss (a deep elf sorcerer)
 40639 | Abyss:3  | Got a polished plate armour
 40651 | Abyss:3  | Gained mutation: Armour fits poorly on your strangely
                  | shaped body. [a neqoxec]
 40718 | Abyss:3  | HP: 34/142 [hellion/damnation (29)]
 40724 | Abyss:3  | HP: 9/142 [hellion/damnation (39)]
 40853 | Abyss:3  | Noticed an ancient lich
 40861 | Abyss:3  | Paralysed by an ancient lich for 4 turns
 40872 | Abyss:3  | Killed an ancient lich
 40874 | Abyss:3  | Noticed a hellephant
 40887 | Abyss:3  | Killed a hellephant
 40964 | Elf:3    | Escaped the Abyss
 41261 | Elf:3    | Identified the +4 plate armour of Grace {rElec Str+5
                  | Stlth+} (You found it on level 3 of the Abyss)
 41554 | Elf:3    | Identified the ring "Botiplekuz" {rC+ AC+4}
 41575 | Elf:3    | Reached skill level 12 in Summonings
 42168 | Elf:3    | Identified the cursed +1 plate armour of Zuiplo {rF++ Str+5
                  | Stlth+}
 42168 | Elf:3    | Identified the ring "Dyisk" {Wiz MP-9 Int+2 Slay+4}
 42194 | Elf:3    | Received a gift from Okawaru
 42473 | Elf:3    | Reached skill level 21 in Fighting
 42484 | Elf:3    | Reached skill level 21 in Armour
 42618 | Elf:3    | Found the +9 sword of Zonguldrok {reap}
 42682 | Elf:3    | Got a creamy pearl robe
 42693 | Elf:3    | Identified the +2 robe of Picovoax {Will+++ Dex-5 SInv}
                  | (You found it on level 3 of the Elven Halls)
 42695 | Elf:3    | Got brightly glowing fire dragon scales
 42706 | Elf:3    | Identified the +5 fire dragon scales of Negligence {rF++
                  | rC- Str+6 Int-5} (You found it on level 3 of the Elven
                  | Halls)
 42760 | Elf:3    | Found the +2 robe of Vines {NoPotionHeal Regen+7}
 42999 | Elf:3    | Got a scorched scythe
 43000 | Elf:3    | Identified the +7 scythe of Rogiocs {vorpal, *Corrode rPois
                  | Str+3 Int+4} (You found it on level 3 of the Elven Halls)
 43413 | Vaults:1 | Entered Level 1 of the Vaults
 44045 | Vaults:1 | Found a flickering gateway to a bazaar.
 44053 | Vaults:1 | Reached skill level 13 in Summonings
 44133 | Vaults:1 | Found Zagis's Jewellery Shop.
 44173 | Vaults:1 | Reached XP level 21. HP: 102/148 MP: 34/34
 44236 | Vaults:1 | Found Masu's Jewellery Shop.
 44320 | Vaults:1 | Found a portal to a secret trove of treasure.
 44423 | Vaults:1 | Received a gift from Okawaru
 44493 | Vaults:1 | Found Ciqogisch's Gadget Shop.
 44582 | Bazaar   | Entered a bazaar
 44614 | Bazaar   | Found Qedgh's Jewellery Shop.
 44628 | Bazaar   | Found Kaki's Antique Weapon Boutique.
 44653 | Bazaar   | Found Hucuigh's Armour Boutique.
 44667 | Bazaar   | Found Kageqeul's Antique Weapon Shop.
 44696 | Bazaar   | Found Xiraj's Antique Armour Shop.
 44791 | Bazaar   | Bought the +8 lance "Wyrmbane" {slay drac, rPois rF+ rC+
                  | AC+3} for 2181 gold pieces
 44791 | Bazaar   | Found the +8 lance "Wyrmbane" {slay drac, rPois rF+ rC+
                  | AC+3}
 44810 | Bazaar   | Bought an uncursed ring of protection from cold for 300
                  | gold pieces
 44810 | Bazaar   | Bought an uncursed ring of resist corrosion for 240 gold
                  | pieces
 44849 | Bazaar   | Bought +2 gold dragon scales for 920 gold pieces
 44912 | Bazaar   | Bought a runed kite shield for 150 gold pieces
 45674 | Vaults:1 | Reached skill level 1 in Polearms
 45682 | Vaults:1 | Reached skill level 1 in Shields
 45687 | Vaults:1 | Noticed Asterion
 45711 | Vaults:1 | Killed Asterion
 45712 | Vaults:1 | Reached skill level 2 in Polearms
 45889 | Vaults:1 | Reached skill level 2 in Shields
 45923 | Vaults:1 | Reached skill level 3 in Polearms
 45959 | Vaults:1 | Reached skill level 3 in Shields
 45969 | Vaults:1 | Reached skill level 4 in Polearms
 46479 | Vaults:2 | Cast into level 2 of the Abyss (orc knight)
 46597 | Abyss:2  | Reached skill level 5 in Polearms
 46597 | Abyss:2  | Reached skill level 4 in Shields
 46638 | Abyss:2  | Received a gift from Okawaru
 46829 | Vaults:2 | Escaped the Abyss
 46835 | Vaults:2 | Paralysed by an orc sorcerer for 6 turns
 46997 | Vaults:2 | Noticed Jory
 47015 | Vaults:2 | Killed from afar by Jory

Illustrated notes

Levels and vault maps discovered:
D:1:      roderic_crop_circles_arrival_small, layout_basic
D:2:      layout_basic, uniq_jessica, uniq_natasha, uniq_sigmund
D:3:      layout_loops_ring, uniq_terence
D:4:      layout_loops_cross, lemuel_angel_altar
D:5:      layout_basic, gammafunk_ghost_smash
D:6:      layout_basic, general_overflow_altar, temple_hall, serial_shops,
          nicolae_shop_overgrown_old_shop
D:7:      layout_rooms, lemuel_round_altar, minitemple, uniq_harold, uniq_maggie
D:8:      layout_cave_pools, evilmike_ruin_ashenzari,
          amethyst_overflow_temple_binary, enter_ossuary_2,
          cheibrodos_worm_habitat
D:9:      layout_loops_ring, lemuel_coloured_pillars_altar, dpeg_oklobed_lair,
          uniq_joseph
D:10:     layout_gridville, ebering_ghost_xom
D:11:     layout_loops_ring, erik_orc_4, minmay_misc_feat_chi
D:12:     layout_long_grid, basic_altar, uniq_jorgrun
D:13:     layout_roguey, lightli_vaults_fourway_checkpoint
D:14:     layout_long_grid, hangedman_decor_peaks_small, uniq_rupert
D:15:     gammafunk_depths_entry_grave, layout_loops_ring,
          minmay_misc_feat_columns
Temple:   minmay_temple_curvy_branch
Lair:1:   layout_chaotic_city
Lair:2:   layout_roguey [special_room_bee], palyth_hydra_swamp_entry,
          hangedman_lair_unloving_vines
Lair:3:   layout_regular_city, minivault_23, nzn_masters_of_martial_movement
Lair:4:   layout_roguey, spider_nest_entry_a, serial_bayou_shore_b,
          grunt_megastairs_2
Lair:5:   layout_hall_layers, nicolae_slime_entry_slimehenge, uniq_nessos
Lair:6:   minmay_lair_end_enchanted_forest, layout_regular_city,
          kennysheep_snail_temple
Swamp:1:  layout_falls_marsh, evilmike_swamp_ruin_wall
Swamp:2:  layout_basic_swamp, evilmike_swamp_ruin_house_2, swamp_pool4
Swamp:3:  layout_falls_marsh, gammafunk_ghost_split,
          nicolae_swamp_feature_on_the_river_bank, uniq_louise
Swamp:4:  swamp_alternative, layout_basic_swamp, uniq_donald, uniq_mara
Spider:1: layout_spider_delve
Spider:2: layout_spider_delve
Spider:3: layout_spider_delve, hangedman_stitches_earthworm, uniq_arachne,
          uniq_nikola, uniq_roxanne
Spider:4: grunt_spider_rune_circles, nicolae_spider_cling_ruins
Orc:1:    layout_caves
Orc:2:    grunt_orc_tribal_feast, layout_caves, serial_shops,
          nicolae_shop_waterfront, special_room, uniq_erolcha
Elf:1:    eino_elf_arrival_shootout, layout_gridlike, minmay_elf_sorcery,
          uniq_agnes
Elf:2:    layout_onion_city, basic_altar
Elf:3:    minmay_elf_hall, layout_gridlike,
          portal_ice_cave_entry_ice_statue_one, nicolae_elf_big_sculpture_1
Vaults:1: grunt_vaults_funnel, grunt_vaults_focal, ontoclasm_vaults_ring_large,
          v_misc_8, hangedman_vaults_hard_town_square, ontoclasm_vaults_eye,
          grunt_vaults_diagonal, nicolae_vaults_bisected_slash,
          hangedman_vaults_slice, layout_vaults_big_room, enter_trove_0,
          serial_shops, freezing_bzr, uniq_asterion
Vaults:2: grunt_vaults_hallway_long, v_misc_11, vaults_standard_mumra_x,
          vaults_room_grid, nicolae_vaults_diagonal_hallway_8, v_rooms_3,
          special_room_vaults [special_room_orc], v_misc_3, v_misc_3,
          nicolae_vaults_yaktaur_gun_rack, layout_vaults_maze_snakey,
          serial_shops, shop, uniq_jory, uniq_margery

Skill      XL: |  1  2  3  4  5  6  7  8  9 10 11 12 13 14 15 16 17 18 19 20 21 |
---------------+----------------------------------------------------------------+-----
Staves         | 4 6 7 9 11 13 14 | 14.4
Fighting       | 5 9 11 13 15 17 18 19 20 21 | 21.3
Armour         | 5 9 11 13 15 17 18 19 20 21 | 21.3
Invocations    | 3 4 |  4.5
Spellcasting   | 4 7 9 |  9.6
Summonings     | 4 7 8 11 13 | 13.6
Polearms       | 5 |  5.8
Shields        | 4 |  4.8
Crossbows      | |  2.0
Stealth        | |  2.1
Evocations     | |  1.0

Action                   |  1- 3 |  4- 6 |  7- 9 | 10-12 | 13-15 | 16-18 | 19-21 || total
-------------------------+-------+-------+-------+-------+-------+-------+-------++-------
Melee: Quarterstaff      |    56 |   151 |   295 |   875 |   752 |  2059 |   807 ||  4995
       Lajatang          |       |       |       |    76 |   552 |       |   486 ||  1114
       Lance             |       |       |       |       |       |       |   410 ||   410
Throw: Stone             |       |       |       |       |   246 |   256 |    55 ||   557
Invok: Heroism           |       |       |     1 |       |     2 |       |     3 ||     6
       Finesse           |       |       |       |       |     1 |       |     3 ||     4
 Abil: Fly               |       |       |       |       |       |     1 |       ||     1
       Stop Flying       |       |       |       |       |       |       |     1 ||     1
Evoke: Wand              |       |       |       |       |     5 |       |     2 ||     7
  Use: Scroll            |       |     7 |    11 |     8 |     4 |    16 |    20 ||    66
       Potion            |       |       |       |       |     3 |     2 |    11 ||    16
 Stab: Sleeping          |       |     2 |     1 |     2 |       |       |       ||     5
       Distracted        |       |       |       |       |     1 |     2 |     1 ||     4
       Invisible         |       |       |       |       |       |       |     1 ||     1
Armor: Ring mail         |    30 |    78 |    67 |       |       |       |       ||   175
       Steam dragon scal |       |       |     9 |   133 |       |       |       ||   142
       Plate armour      |       |       |       |   354 |   764 |  2757 |  1074 ||  4949
       Gold dragon scale |       |       |       |       |       |       |   263 ||   263
Dodge: Dodged            |    35 |    89 |   133 |   466 |   540 |  1630 |   453 ||  3346
Block: Kite shield       |       |       |       |       |       |       |   168 ||   168

Table legend: (Time is in decaauts)
 A = Elapsed time spent in this place.
 B = Non-inter-level travel time spent in this place.
 C = Inter-level travel time spent in this place.
 D = Time resting spent in this place.
 E = Time spent auto-exploring this place.
 F = Levels seen in this place.
 G = Mean time per level.
                   A        B        C        D        E       F      G
               +--------+--------+--------+--------+--------+-----+--------+
         Total |  43772 |  40900 |   2872 |   8070 |  22524 |  42 | 1042.2 |
       Dungeon |  15389 |  14275 |   1114 |   2072 |   9742 |  15 | 1025.9 |
        Temple |    300 |    245 |     55 |      0 |    243 |   1 |  300.0 |
          Lair |   8385 |   7858 |    527 |   1923 |   4434 |   6 | 1397.5 |
         Swamp |   3640 |   3585 |     55 |    745 |   1935 |   4 |  910.0 |
   Spider Nest |   5438 |   5131 |    307 |    978 |   2458 |   4 | 1359.5 |
  Orcish Mines |   1685 |   1417 |    268 |     99 |    837 |   2 |  842.5 |
   Elven Halls |   5581 |   5205 |    376 |   1775 |   1760 |   3 | 1860.3 |
        Vaults |   1634 |   1467 |    167 |    137 |    730 |   2 |  817.0 |
         Abyss |    595 |    595 |      0 |    127 |      0 |   2 |  297.5 |
        Bazaar |    320 |    320 |      0 |     25 |     95 |   1 |  320.0 |
       Ossuary |    234 |    234 |      0 |      0 |    122 |   1 |  234.0 |
      Ice Cave |    566 |    566 |      0 |    186 |    166 |   1 |  566.0 |
               +--------+--------+--------+--------+--------+-----+--------+

Top non-repeatable levels by time:
   Elf:3: 2731 daAuts
Spider:4: 1904 daAuts
  Lair:1: 1763 daAuts
  Lair:2: 1709 daAuts
Spider:3: 1705 daAuts
    D:14: 1697 daAuts
 Swamp:4: 1602 daAuts
   Elf:2: 1543 daAuts
  Lair:6: 1449 daAuts
  Lair:4: 1437 daAuts
     D:6: 1354 daAuts
Vaults:1: 1344 daAuts
     D:8: 1316 daAuts
   Elf:1: 1307 daAuts
Spider:2: 1215 daAuts

Table legend:
 A = Kills in this place as a percentage of kills in entire the game.
 B = Kills by you in this place as a percentage of kills by you in the entire game.
 C = Kills by friends in this place as a percentage of kills by friends in the entire game.
 D = Other kills in this place as a percentage of other kills in the entire game.
 E = Experience gained in this place as a percentage of experience gained in the entire game.
 F = Experience gained in this place divided by the number of levels of this place that you have seen.
                   A       B       C       D       E      F
               +-------+-------+-------+-------+-------+----------------------
         Total | 100.0 | 100.0 |   N/A | 100.0 | 100.0 | 13220.2
       Dungeon |  26.9 |  27.0 |   N/A |   0.0 |  10.6 | 3934.7
          Lair |  17.7 |  17.7 |   N/A |  16.7 |  11.7 | 10830.5
         Swamp |   9.0 |   8.8 |   N/A |  50.0 |  16.3 | 22695.8
   Spider Nest |  13.4 |  13.4 |   N/A |  16.7 |  17.5 | 24305.0
  Orcish Mines |   8.5 |   8.5 |   N/A |   0.0 |   2.7 | 7462.0
   Elven Halls |   9.8 |   9.8 |   N/A |  16.7 |  22.8 | 42218.7
        Vaults |   7.6 |   7.7 |   N/A |   0.0 |  10.8 | 29896.0
         Abyss |   3.0 |   3.0 |   N/A |   0.0 |   5.9 | 16309.0
       Ossuary |   2.6 |   2.6 |   N/A |   0.0 |   0.0 | 235.0
      Ice Cave |   1.6 |   1.6 |   N/A |   0.0 |   1.6 | 9019.0
               +-------+-------+-------+-------+-------+----------------------
